 Dungeon Crawl Stone Soup version 0.25-a0-489-g9ae84a01e3 (webtiles) character file.

Game seed: 15555079680376427009, levelgen mode: deterministic

109 Kohma the Shield-Bearer (level 4, 0/40 HPs)
             Began as a Minotaur Fighter on Feb 11, 2020.
             Was an Initiate of Trog.
             Slain by Menkaure (17 damage)
             ... on level 4 of the Dungeon.
             The game lasted 00:04:38 (2001 turns).

Kohma the Shield-Bearer (Minotaur Fighter)          Turns: 2001, Time: 00:04:38

Health: 0/40       AC:  7    Str: 22    XL:     4   Next: 60%
Magic:  3/3        EV:  7    Int:  5    God:    Trog [......]
Gold:   70         SH:  9    Dex:  9    Spells: 3/3 levels left

rFire    . . .     SeeInvis .   i - +2 dagger (flame)
rCold    . . .     Gourm    .   c - +0 kite shield
rNeg     . . .     Faith    .   b - +0 scale mail
rPois    .         Spirit   .   (helmet restricted)
rElec    .         Reflect  .   (no cloak)
rCorr    .         Harm     .   (no gloves)
MR       .....                  (no boots)
Stlth    ..........             (no amulet)
HPRegen  0.13/turn              (no ring)
MPRegen  0.08/turn              (no ring)

@: no status effects
A: retaliatory headbutt, horns 2
a: Renounce Religion


You were on level 4 of the Dungeon.
You worshipped Trog.
Trog was noncommittal.
You were not hungry.

You visited 1 branch of the dungeon, and saw 4 of its levels.

You collected 70 gold pieces.

Inventory:

Hand Weapons
 a - a +0 long sword
 i - a +2 dagger of flaming (weapon)
Missiles
 l - 6 javelins (quivered)
Armour
 b - a +0 scale mail (worn)
 c - a +0 kite shield (worn)
Jewellery
 h - an uncursed ring of see invisible {unknown}
Scrolls
 e - a scroll of enchant weapon {unknown}
 j - 4 scrolls of identify {unknown}
 n - 3 scrolls of blinking {unknown}
 o - a scroll of remove curse {unknown}
 p - a scroll of immolation {unknown}
 q - a scroll of random uselessness {unknown}
Potions
 d - a potion of might
 g - 3 potions of curing {unknown}
 k - 3 potions of heal wounds {unknown}
 m - 3 potions of lignification {unknown}
 r - a potion of magic {unknown}
 t - a potion of agility {unknown}
Comestibles
 f - 7 rations
 s - 4 chunks of flesh


   Skills:
 + Level 4.2 Fighting
 * Level 3.8 Long Blades
 + Level 4.1 Armour
 * Level 4.9 Shields


You had 3 spell levels left.
You didn't know any spells.
Your spell library contained the following spells:

 Spells                   Type           Power        Failure   Level  Hunger
 Animate Skeleton         Necr           N/A          99%         1    ##.....
 Apportation              Tloc           #.....       99%         1    ##.....
 Corona                   Hex            #......      99%         1    ##.....
 Summon Small Mammal      Summ           #...         99%         1    ##.....


Dungeon Overview and Level Annotations

Branches:
Dungeon (4/15)
 Temple: D:4-7

Altars:
Cheibriados
Sif Muna
Trog

Annotations:
D:4 Menkaure


Innate Abilities, Weirdness & Mutations

You reflexively headbutt those who attack you in melee.
You have a pair of horns on your head.


Message History

Pain shoots through your body!
You hit Menkaure but do no damage. You block Menkaure's attack.
You hit Menkaure but do no damage. Your headbutt misses Menkaure.
Menkaure hits you.
You hit Menkaure. You burn Menkaure.
Menkaure is moderately damaged.
Menkaure gestures at you while chanting.
You barely resist.
Menkaure calls on the powers of darkness!
Your body is wracked with pain!
The adder convulses!
Your shield prevents you from hitting Menkaure.
Menkaure is moderately damaged.
Menkaure barely misses you.
You hit Menkaure. You burn Menkaure.
Menkaure is severely damaged.
The adder barely misses you. You furiously retaliate!
You headbutt the adder.
You kill the adder!
Trog accepts your kill. Menkaure hits you!
You die...

....#.....#....
................
.................
.................
.................
.................
......?...........
.......M@.........
......(......##
......#
.##.##.....#..#
......##. #..###.$.#
## ......#.
#..#..#.# .......
##...##.#####
......#
#............
....#.#
#.#.....#####
###...######...##..#


You could see Menkaure.

Vanquished Creatures
  5 adders
  An adder skeleton (D:4)
  2 dart slugs (D:1)
  2 leopard geckos
  2 orcs (D:3)
  2 giant cockroaches
  4 goblins (D:2)
  7 hobgoblins
  2 jackals (D:3)
  4 quokkas (D:3)
  2 ball pythons
  9 bats
  3 frilled lizards
  6 kobolds
  8 rats
59 creatures vanquished.

Notes
Turn   | Place    | Note
-------+----------+-------------------------------------------
     0 | D:1      | Kohma the Minotaur Fighter began the quest for the Orb.
     0 | D:1      | Reached XP level 1. HP: 19/19 MP: 0/0
   117 | D:1      | Reached XP level 2. HP: 18/27 MP: 1/1
   556 | D:2      | Reached XP level 3. HP: 24/33 MP: 2/2
   863 | D:2      | Found a shimmering blue altar of Sif Muna.
   892 | D:2      | Found a bloodstained altar of Trog.
   921 | D:2      | Became a worshipper of Trog the Wrathful
  1094 | D:2      | Found a snail-covered altar of Cheibriados.
  1392 | D:3      | Reached XP level 4. HP: 40/40 MP: 3/3
  1992 | D:4      | Noticed Menkaure
  2001 | D:4      | Slain by Menkaure

Levels and vault maps discovered:
D:1:      nagdon_arrival_double_spiral, layout_rooms, hangedman_decor_points
D:2:      layout_rooms, lemuel_coloured_pillars_altar, lemuel_crystal_altar,
          lemuel_blue_sif_altar
D:3:      layout_basic
D:4:      layout_rooms, yredelemnul_forgotten_temple_becter,
          lightli_temple_of_fire, temple_doors_e, uniq_menkaure

Skill      XL: |  1  2  3 |
---------------+----------+-----
Shields        | 4 |  4.9
Long Blades    | 3 |  3.8
Fighting       | 4 |  4.2
Armour         | 4 |  4.1

Action                   |  1- 3 |  4- 6 || total
-------------------------+-------+-------++-------
Melee: Long sword        |    20 |       ||    20
       Headbutt          |    16 |     3 ||    19
       Dagger            |   102 |    39 ||   141
  Eat: Chunk             |     2 |     2 ||     4
Armor: Scale mail        |    51 |    16 ||    67
Dodge: Dodged            |    34 |     9 ||    43
Block: Kite shield       |    59 |    20 ||    79
       Rpst.: Long sword |     3 |       ||     3

Table legend:
 A = Non-vault XP
 B = Vault XP
 C = Vault XP percentage of total XP
 D = Non-vault monster count
 E = Vault monster count
 F = Vault count percentage of total count
                 A         B        C        D         E       F
            +---------+---------+-------+---------+---------+-------
      Total |     157 |       0 |   0.0 |      59 |       0 |   0.0
            +---------+---------+-------+---------+---------+-------
        D:1 |      28 |       0 |   0.0 |      16 |       0 |   0.0
        D:2 |      45 |       0 |   0.0 |      21 |       0 |   0.0
        D:3 |      67 |       0 |   0.0 |      18 |       0 |   0.0
        D:4 |      17 |       0 |   0.0 |       4 |       0 |   0.0
            +---------+---------+-------+---------+---------+-------
